Flames vs Sharks

Created - 4 décembre 2017 at 06:17

Goals
1 2 3 T
Flames 3 0 0 3
Sharks 0 1 0 1
Shots
1 2 3 T
Flames 17 9 10 36
Sharks 12 15 8 35

1st period

1. Flames , Brad Richardson 5 (David Perron 10) at 10:56
2. Flames , Drew Doughty 2 (David Perron 11, Victor Hedman 6) at 14:57
3. Flames , Sam Reinhart 13 (Jeff Carter 17) at 16:44 (PP)

Penalties :
Braydon Coburn (SJS) for Roughing (Minor) at 16:11

2nd period

4. Sharks , Teuvo Teravainen 8 (Dylan Larkin 12) at 6:11

Penalties :
No Penalty

3rd period

No Goal

Penalties :
No Penalty

Goalie Stats

Carey Price (CAL), 34 saves from 35 shots - (0,971), W, 14-1-3, 60:00 minutes
Jake Allen (SJS), 33 saves from 36 shots - (0,917), L, 11-3-1, 60:00 minutes

Players Stats for Flames

Player Name              G  A  P  +/- PIM S  H  SB GA TA FO     MP     PP MP  PK MP  
------------------------------------------------------------------------------------
Anders Lee               0  0  0   0  0   1  1  1  0  0  0/2    19:41   0:08   0:00 
Andrej Sustr             0  0  0  -1  0   2  1  1  0  0  0/0    18:02   0:00   0:00 
Brad Richardson          1  0  1   2  0   2  2  0  0  1  5/9    15:38   0:00   0:00 
Brandon Manning          0  0  0   1  0   1  0  1  1  0  0/0    17:26   0:00   0:00 
David Perron             0  2  2   2  0   1  1  0  0  0  1/1    16:12   0:25   0:00 
David Savard             0  0  0   0  0   3  2  0  0  1  0/0    21:18   0:00   0:00 
Dennis Rasmussen         0  0  0   0  0   0  1  0  0  0  1/1     7:34   0:00   0:00 
Drew Doughty             1  0  1   1  0   4  2  1  0  0  0/0    24:32   0:33   0:00 
Jeff Carter              0  1  1   0  0   8  2  2  0  2  15/23  19:38   0:08   0:00 
Kevan Miller             0  0  0   1  0   1  3  1  0  1  0/0    17:26   0:00   0:00 
Michael Frolik           0  0  0  -1  0   0  1  1  0  0  0/0    16:46   0:00   0:00 
Nick Bjugstad            0  0  0   0  0   0  1  0  0  0  0/0     7:34   0:00   0:00 
Patrick Eaves            0  0  0  -1  0   4  0  2  0  0  1/1    17:10   0:25   0:00 
Patrick Sharp            0  0  0   2  0   1  1  0  0  0  1/2    15:25   0:00   0:00 
Sam Reinhart             1  0  1   0  0   3  0  0  1  0  1/1    19:38   0:08   0:00 
Tanner Kero              0  0  0   0  0   1  0  0  0  0  0/0     7:34   0:00   0:00 
Victor Hedman            0  1  1   0  0   2  0  1  0  3  0/0    21:16   0:33   0:00 
Victor Rask              0  0  0  -1  0   2  3  0  1  2  11/20  17:10   0:25   0:00 

Players Stats for Sharks

Player Name              G  A  P  +/- PIM S  H  SB GA TA FO     MP     PP MP  PK MP  
------------------------------------------------------------------------------------
Alex Pietrangelo         0  0  0   0  0   2  0  3  2  1  0/0    22:38   0:00   0:33 
Boone Jenner             0  0  0   0  0   1  2  0  0  1  2/5    14:44   0:00   0:00 
Braydon Coburn           0  0  0   0  2   1  0  4  0  0  0/0    22:04   0:00   0:00 
Colton Sceviour          0  0  0   0  0   2  0  0  0  0  2/5     8:41   0:00   0:33 
Dylan Larkin             0  1  1   0  0   3  3  0  1  0  8/21   17:21   0:00   0:00 
Gabriel Landeskog        0  0  0  -1  0   2  2  1  0  0  1/2    19:24   0:00   0:00 
Jonathan Drouin          0  0  0  -1  0   3  1  0  2  0  0/1    19:37   0:00   0:00 
Jonathan Huberdeau       0  0  0   0  0   1  0  0  2  0  0/1    14:24   0:00   0:00 
Justin Braun             0  0  0   0  0   1  1  2  0  0  0/0    19:23   0:00   0:00 
Kenny Agostino           0  0  0   0  0   1  0  0  1  0  0/0     8:41   0:00   0:33 
Mark Borowiecki          0  0  0  -1  0   2  6  4  0  0  0/0    18:32   0:00   0:33 
Mikkel Boedker           0  0  0   0  0   2  1  0  1  0  0/1    14:44   0:00   0:00 
Patric Hornqvist         0  0  0   0  0   3  4  0  0  0  0/1    17:08   0:00   0:00 
Sidney Crosby            0  0  0  -1  0   3  0  1  1  0  9/21   19:24   0:00   0:00 
Steve Bernier            0  0  0   0  0   0  1  1  0  0  0/0     8:08   0:00   0:00 
Teuvo Teravainen         1  0  1   0  0   6  0  0  0  0  2/2    17:11   0:00   0:00 
Tyson Barrie             0  0  0   0  0   1  0  0  0  0  0/0    19:23   0:00   0:00 
Zach Werenski            0  0  0  -1  0   1  1  0  0  1  0/0    17:59   0:00   0:00 

3 Stars

1 - Carey Price (CAL)
2 - Brad Richardson (CAL)
3 - David Perron (CAL)

Power Play

Flames - 1 on 1 Attempt(s) - 100,00%
Sharks - 0 on 0 Attempt(s) - 0,00%

Penalty Kill

Flames - 0 on 0 Attempt(s) - 0,00% - Score 0 goal in Penalty Kill
Sharks - 0 on 1 Attempt(s) - 0,00% - Score 0 goal in Penalty Kill

Team Stat

Flames - Hits : 21 - Faceoff Wins : 36 - Blocked Shots : 11 - Penalty Minutes : 0
Sharks - Hits : 22 - Faceoff Wins : 24 - Blocked Shots : 16 - Penalty Minutes : 2

Official

Referees : Dennis LaRue and Dave Jackson
Linesman : Ryan Gibbons and Michel Cormier

Game Notes

No Game Note

Finance

Level 1 -- Attendance: 5157 (85,95%) -- Ticket Income 515 700 $
Level 2 -- Attendance: 4826 (96,52%) -- Ticket Income 289 560 $
Level 3 -- Attendance: 1811 (90,55%) -- Ticket Income 63 385 $
Level 4 -- Attendance: 3990 (99,75%) -- Ticket Income 79 800 $
Luxury Box -- Attendance: 812 (81,20%) -- Ticket Income 162 400 $
Game was played at the Wananiche.
Total Attendance: 16596 (92,20%)
Total Ticket Income: 1 110 845 $
Other Income: 544 314 $
Total Income: 1 655 159 $

Flames

5 vs 5 Forward 
   Center                   Left Wing                Right Wing               Time % Phy DF OF 
 1 Jeff Carter              Anders Lee               Sam Reinhart             35     0   1  4  
 2 Victor Rask              Michael Frolik           Patrick Eaves            31     0   2  3  
 3 Brad Richardson          David Perron             Patrick Sharp            27     0   2  3  
 4 Tanner Kero              Dennis Rasmussen         Nick Bjugstad            7      1   3  1  

5 vs 5 Defense 
   Defense                  Defense                                           Time % Phy DF OF 
 1 Drew Doughty             David Savard                                      38     0   3  2  
 2 Victor Hedman            Andrej Sustr                                      30     0   3  2  
 3 Kevan Miller             Brandon Manning                                   27     0   4  1  
 4 Drew Doughty             Victor Hedman                                     5      0   2  3  

PowerPlay Forward 
   Center                   Left Wing                Right Wing               Time % Phy DF OF 
 1 Jeff Carter              Anders Lee               Sam Reinhart             60     0   0  5  
 2 Victor Rask              David Perron             Patrick Eaves            40     0   0  5  

PowerPlay Defense
   Defense                  Defense                                           Time % Phy DF OF 
 1 Victor Hedman            Drew Doughty                                      65     0   1  4  
 2 Andrej Sustr             David Savard                                      35     0   1  4  

Penalty Kill 4 Players Forward 
   Center                   Wing                     Time % Phy DF OF 
 1 Brad Richardson          Michael Frolik           60     0   4  1  
 2 Tanner Kero              Dennis Rasmussen         40     0   4  1  

Penalty Kill 4 Players Defense
   Defense                  Defense                  Time % Phy DF OF 
 1 David Savard             Andrej Sustr             60     1   4  0  
 2 Kevan Miller             Drew Doughty             40     1   4  0  

Penalty Kill - 3 Players Forward 
   Forward                                           Time % Phy DF OF 
 1 Brad Richardson                                   60     0   5  0  
 2 Michael Frolik                                    40     0   5  0  

Penalty Kill - 3 Players Defense
   Defense                  Defense                  Time % Phy DF OF 
 1 Andrej Sustr             David Savard             60     0   5  0  
 2 Drew Doughty             Kevan Miller             40     0   5  0  

4 vs 4 Forward 
   Center                   Wing                     Time % Phy DF OF 
 1 Jeff Carter              Anders Lee               60     0   1  4  
 2 Sam Reinhart             Patrick Eaves            40     0   1  4  

4 vs 4 Defense
   Defense                  Defense                  Time % Phy DF OF 
 1 Drew Doughty             Victor Hedman            60     0   3  2  
 2 Andrej Sustr             David Savard             40     0   3  2  

Last Minutes Offensive
   Center                   Left Wing                Right Wing               Defense                  Defense                  
   Jeff Carter              Anders Lee               Sam Reinhart             Drew Doughty             Victor Hedman            

Last Minutes Defensive
   Center                   Left Wing                Right Wing               Defense                  Defense                  
   Brad Richardson          Tanner Kero              Michael Frolik           Andrej Sustr             David Savard             

Goaltenders
Starting : Carey Price              
Backup : Curtis McElhinney        

Extra Forwards
Normal : Jeff Carter, David Perron, Sam Reinhart - PP : Michael Frolik, Brad Richardson - PK : David Perron
Extra Defensemen
Normal : Drew Doughty, Victor Hedman, David Savard - PP : Andrej Sustr - PK : Brandon Manning, Victor Hedman
Penalty Shots
Nick Bjugstad, Sam Reinhart, David Perron, Patrick Sharp, Jeff Carter
Custom OT Lines Forwards
Jeff Carter, Anders Lee, Sam Reinhart, Michael Frolik, Patrick Eaves, David Perron, Victor Rask, Patrick Sharp, Brad Richardson, Nick Bjugstad
Custom OT Lines Defensemen
Drew Doughty, Victor Hedman, David Savard, Andrej Sustr, Kevan Miller

Scratches
Pavel Zacha (Healthy), Matt Bartkowski (Healthy)

Sharks

5 vs 5 Forward 
   Center                   Left Wing                Right Wing               Time % Phy DF OF 
 1 Sidney Crosby            Gabriel Landeskog        Jonathan Drouin          36     0   1  4  
 2 Dylan Larkin             Patric Hornqvist         Teuvo Teravainen         34     0   1  4  
 3 Boone Jenner             Jonathan Huberdeau       Mikkel Boedker           25     0   1  4  
 4 Colton Sceviour          Kenny Agostino           Steve Bernier            5      0   1  4  

5 vs 5 Defense 
   Defense                  Defense                                           Time % Phy DF OF 
 1 Alex Pietrangelo         Braydon Coburn                                    36     0   1  4  
 2 Justin Braun             Tyson Barrie                                      34     0   1  4  
 3 Zach Werenski            Mark Borowiecki                                   30     0   1  4  
 4 Alex Pietrangelo         Braydon Coburn                                    0      0   1  4  

PowerPlay Forward 
   Center                   Left Wing                Right Wing               Time % Phy DF OF 
 1 Sidney Crosby            Jonathan Huberdeau       Patric Hornqvist         55     0   1  4  
 2 Dylan Larkin             Jonathan Drouin          Gabriel Landeskog        45     0   1  4  

PowerPlay Defense
   Defense                  Defense                                           Time % Phy DF OF 
 1 Alex Pietrangelo         Braydon Coburn                                    55     0   1  4  
 2 Justin Braun             Tyson Barrie                                      45     0   1  4  

Penalty Kill 4 Players Forward 
   Center                   Wing                     Time % Phy DF OF 
 1 Colton Sceviour          Kenny Agostino           55     0   5  0  
 2 Boone Jenner             Steve Bernier            45     0   5  0  

Penalty Kill 4 Players Defense
   Defense                  Defense                  Time % Phy DF OF 
 1 Alex Pietrangelo         Braydon Coburn           55     0   5  0  
 2 Justin Braun             Tyson Barrie             45     0   5  0  

Penalty Kill - 3 Players Forward 
   Forward                                           Time % Phy DF OF 
 1 Colton Sceviour                                   55     1   4  0  
 2 Steve Bernier                                     45     1   4  0  

Penalty Kill - 3 Players Defense
   Defense                  Defense                  Time % Phy DF OF 
 1 Mark Borowiecki          Braydon Coburn           55     1   4  0  
 2 Justin Braun             Tyson Barrie             45     1   4  0  

4 vs 4 Forward 
   Center                   Wing                     Time % Phy DF OF 
 1 Dylan Larkin             Jonathan Drouin          55     1   2  2  
 2 Colton Sceviour          Steve Bernier            45     1   2  2  

4 vs 4 Defense
   Defense                  Defense                  Time % Phy DF OF 
 1 Alex Pietrangelo         Braydon Coburn           55     1   2  2  
 2 Justin Braun             Tyson Barrie             45     1   2  2  

Last Minutes Offensive
   Center                   Left Wing                Right Wing               Defense                  Defense                  
   Sidney Crosby            Gabriel Landeskog        Jonathan Drouin          Alex Pietrangelo         Braydon Coburn           

Last Minutes Defensive
   Center                   Left Wing                Right Wing               Defense                  Defense                  
   Sidney Crosby            Gabriel Landeskog        Jonathan Drouin          Alex Pietrangelo         Braydon Coburn           

Goaltenders
Starting : Jake Allen               
Backup : Joonas Korpisalo         

Extra Forwards
Normal : Boone Jenner, Dylan Larkin, Mikkel Boedker - PP : Boone Jenner, Dylan Larkin - PK : Mikkel Boedker
Extra Defensemen
Normal : Zach Werenski, Mark Borowiecki, Justin Braun - PP : Zach Werenski - PK : Mark Borowiecki, Justin Braun
Penalty Shots
Sidney Crosby, Gabriel Landeskog, Jonathan Huberdeau, Jonathan Drouin, Patric Hornqvist
Custom OT Lines Forwards
Sidney Crosby, Gabriel Landeskog, Jonathan Huberdeau, Jonathan Drouin, Patric Hornqvist, Boone Jenner, Teuvo Teravainen, Dylan Larkin, Mikkel Boedker, Colton Sceviour
Custom OT Lines Defensemen
Alex Pietrangelo, Braydon Coburn, Justin Braun, Tyson Barrie, Zach Werenski

Scratches
*salaire sharks* (Suspend), Alexey Marchenko (Healthy), Matt Martin (Healthy), Brian Gibbons (Healthy)

% Time on Ice - Flames

Lines # - Real PCT - Wanted PCT - Time Play
Normal Forward
1 - 33% - 35% - 19:43
2 - 28% - 31% - 16:45
3 - 26% - 27% - 15:25
4 - 13% - 7% - 7:34
Normal Defense
1 - 36% - 38% - 21:18
2 - 30% - 30% - 18:02
3 - 29% - 27% - 17:26
4 - 5% - 5% - 2:41
PP Forward
1 - 24% - 60% - 0:08
2 - 76% - 40% - 0:25
PP Defense
1 - 100% - 65% - 0:33
2 - 0% - 35% - 0:00
PK Forward
1 - 0% - 60%
2 - 0% - 40%
PK Defense
1 - 0% - 60%
2 - 0% - 40%
PK3 Forward
1 - 0% - 60%
2 - 0% - 40%
PK3 Defense
1 - 0% - 60%
2 - 0% - 40%
44 Forward
1 - 0% - 60%
2 - 0% - 40%
44 Defense
1 - 0% - 60%
2 - 0% - 40%
Last Minute Offensive  - 0:00
Last Minute Defensive  - 0:00
Total
Forward - 60:00
Defense - 60:00

% Time on Ice - Sharks

Lines # - Real PCT - Wanted PCT - Time Play
Normal Forward
1 - 33% - 36% - 19:37
2 - 29% - 34% - 17:21
3 - 24% - 25% - 14:21
4 - 14% - 5% - 8:08
Normal Defense
1 - 36% - 36% - 21:08
2 - 33% - 34% - 19:23
3 - 30% - 30% - 17:59
4 - 2% - 0% - 0:57
PP Forward
1 - 0% - 55%
2 - 0% - 45%
PP Defense
1 - 0% - 55%
2 - 0% - 45%
PK Forward
1 - 100% - 55% - 0:33
2 - 0% - 45% - 0:00
PK Defense
1 - 100% - 55% - 0:33
2 - 0% - 45% - 0:00
PK3 Forward
1 - 0% - 55%
2 - 0% - 45%
PK3 Defense
1 - 0% - 55%
2 - 0% - 45%
44 Forward
1 - 0% - 55%
2 - 0% - 45%
44 Defense
1 - 0% - 55%
2 - 0% - 45%
Last Minute Offensive  - 0:00
Last Minute Defensive  - 0:00
Total
Forward - 60:00
Defense - 60:00

Play by Play

1st period


0:01 of 1st period - Sidney Crosby wins face-off versus Jeff Carter in neutral zone.
0:46 of 1st period - Snap shot by Dylan Larkin.
0:46 of 1st period - Deflect By Jonathan Huberdeau.
0:46 of 1st period - Stopped by Carey Price with a rebound.
1:34 of 1st period - Snap shot by Sidney Crosby.
1:34 of 1st period - Shot Blocked by Jeff Carter.
2:18 of 1st period - Wrist shot by David Perron.
2:18 of 1st period - Stopped by Jake Allen with a rebound.
2:20 of 1st period - Backhand shot by Kevan Miller.
2:20 of 1st period - Shot Misses the Net.
2:56 of 1st period - Wrist shot by Jeff Carter.
2:56 of 1st period - Stopped by Jake Allen with a rebound.
3:02 of 1st period - Mark Borowiecki is hit by Jeff Carter.
3:24 of 1st period - Snap shot by Colton Sceviour.
3:24 of 1st period - Deflect By Kenny Agostino.
3:24 of 1st period - Stopped by Carey Price with a rebound.
3:26 of 1st period - Slapshot by Mark Borowiecki.
3:26 of 1st period - Deflect By Michael Frolik.
3:26 of 1st period - Stopped by Carey Price with a rebound.
3:28 of 1st period - Wrist shot by Steve Bernier.
3:28 of 1st period - Shot Blocked by Patrick Eaves.
3:30 of 1st period - Slapshot by Zach Werenski.
3:30 of 1st period - Stopped by Carey Price with a rebound.
4:00 of 1st period - Tanner Kero is hit by Boone Jenner.
4:09 of 1st period - Dennis Rasmussen is hit by Mark Borowiecki and loses puck.
4:27 of 1st period - Justin Braun is hit by Drew Doughty and loses puck.
5:04 of 1st period - Patrick Sharp is hit by Gabriel Landeskog and loses puck.
5:25 of 1st period - Jonathan Huberdeau is hit by Kevan Miller and loses puck.
5:53 of 1st period - Slapshot by Colton Sceviour.
5:53 of 1st period - Stopped by Carey Price with a rebound.
5:59 of 1st period - Braydon Coburn is hit by Dennis Rasmussen.
6:11 of 1st period - Backhand shot by Patric Hornqvist.
6:11 of 1st period - Shot Blocked by Patrick Eaves.
6:13 of 1st period - Snap shot by Patric Hornqvist.
6:13 of 1st period - Shot Misses the Net.
6:21 of 1st period - Snap shot by Teuvo Teravainen.
6:21 of 1st period - Stopped by Carey Price without a rebound.
6:22 of 1st period - Sidney Crosby wins face-off versus Anders Lee in Flames zone.
7:34 of 1st period - Jonathan Huberdeau is hit by Kevan Miller and loses puck.
8:01 of 1st period - Wrist shot by Tanner Kero.
8:01 of 1st period - Shot Hit the Post.
8:11 of 1st period - Dylan Larkin is hit by Victor Rask and loses puck.
8:50 of 1st period - Snap shot by Anders Lee.
8:50 of 1st period - Shot Misses the Net.
8:52 of 1st period - Backhand shot by Drew Doughty.
8:52 of 1st period - Stopped by Jake Allen without a rebound.
8:53 of 1st period - Sidney Crosby wins face-off versus Victor Rask in Sharks zone.
9:15 of 1st period - Icing by Justin Braun.
9:16 of 1st period - Dylan Larkin wins face-off versus Jeff Carter in Sharks zone.
9:41 of 1st period - Slapshot by Victor Hedman.
9:41 of 1st period - Shot Misses the Net.
10:03 of 1st period - Boone Jenner is hit by Michael Frolik and loses puck.
10:24 of 1st period - Victor Hedman is hit by Mark Borowiecki and loses puck.
10:46 of 1st period - Justin Braun is hit by Drew Doughty and loses puck.
10:52 of 1st period - Off-side.
10:53 of 1st period - Brad Richardson wins face-off versus Sidney Crosby in neutral zone.
10:56 of 1st period - Snap shot by Brad Richardson.
10:56 of 1st period - Goal by Brad Richardson - Flames : 1 - Sharks : 0.
10:57 of 1st period - Sidney Crosby wins face-off versus Victor Rask in neutral zone.
11:05 of 1st period - Off-side.
11:06 of 1st period - Patrick Eaves wins face-off versus Gabriel Landeskog in neutral zone.
11:11 of 1st period - Wrist shot by Victor Rask.
11:11 of 1st period - Shot Blocked by Mark Borowiecki.
11:13 of 1st period - Snap shot by Drew Doughty.
11:13 of 1st period - Shot Blocked by Gabriel Landeskog.
11:15 of 1st period - Wrist shot by Patrick Eaves.
11:15 of 1st period - Shot Misses the Net.
11:19 of 1st period - Slapshot by Patrick Eaves.
11:19 of 1st period - Stopped by Jake Allen without a rebound.
11:20 of 1st period - David Perron wins face-off versus Dylan Larkin in Sharks zone.
11:47 of 1st period - Alex Pietrangelo is hit by David Savard and loses puck.
12:14 of 1st period - Snap shot by Boone Jenner.
12:14 of 1st period - Shot Misses the Net.
12:16 of 1st period - Snap shot by Braydon Coburn.
12:16 of 1st period - Stopped by Carey Price without a rebound.
12:17 of 1st period - Brad Richardson wins face-off versus Dylan Larkin in Flames zone.
12:23 of 1st period - Off-side.
12:24 of 1st period - Brad Richardson wins face-off versus Dylan Larkin in neutral zone.
12:52 of 1st period - Slapshot by Drew Doughty.
12:52 of 1st period - Deflect By Dylan Larkin.
12:52 of 1st period - Stopped by Jake Allen with a rebound.
12:54 of 1st period - Snap shot by Brad Richardson.
12:54 of 1st period - Shot Blocked by Mark Borowiecki.
12:56 of 1st period - Snap shot by Patrick Sharp.
12:56 of 1st period - Shot Misses the Net.
12:58 of 1st period - Backhand shot by David Savard.
12:58 of 1st period - Shot Blocked by Mark Borowiecki.
13:00 of 1st period - Slapshot by David Perron.
13:00 of 1st period - Shot Misses the Net.
13:02 of 1st period - Snap shot by Brad Richardson.
13:02 of 1st period - Shot Misses the Net.
13:04 of 1st period - Slapshot by Drew Doughty.
13:04 of 1st period - Deflect By David Perron.
13:04 of 1st period - Shot Hit the Post.
13:04 of 1st period - Puck is out of play.
13:05 of 1st period - Sidney Crosby wins face-off versus Jeff Carter in Sharks zone.
13:12 of 1st period - Gabriel Landeskog is hit by Jeff Carter and loses puck.
13:19 of 1st period - Wrist shot by Jeff Carter.
13:19 of 1st period - Stopped by Jake Allen with a rebound.
13:21 of 1st period - Slapshot by Brandon Manning.
13:21 of 1st period - Stopped by Jake Allen with a rebound.
13:31 of 1st period - Patrick Eaves is hit by Justin Braun and loses puck.
13:53 of 1st period - Snap shot by Boone Jenner.
13:53 of 1st period - Shot Misses the Net.
13:55 of 1st period - Wrist shot by Colton Sceviour.
13:55 of 1st period - Shot Misses the Net.
14:03 of 1st period - Snap shot by Kenny Agostino.
14:03 of 1st period - Deflect By Victor Hedman.
14:03 of 1st period - Shot Misses the Net.
14:03 of 1st period - Puck is out of play.
14:04 of 1st period - Jeff Carter wins face-off versus Sidney Crosby in Flames zone.
14:17 of 1st period - Wrist shot by Jonathan Drouin.
14:17 of 1st period - Shot Blocked by Jeff Carter.
14:19 of 1st period - Snap shot by Gabriel Landeskog.
14:19 of 1st period - Shot Blocked by Brandon Manning.
14:21 of 1st period - Slapshot by Alex Pietrangelo.
14:21 of 1st period - Stopped by Carey Price with a rebound.
14:31 of 1st period - Kevan Miller is hit by Boone Jenner and loses puck.
14:40 of 1st period - Slapshot by Mikkel Boedker.
14:40 of 1st period - Deflect By Jonathan Huberdeau.
14:40 of 1st period - Shot Misses the Net.
14:40 of 1st period - Puck is out of play.
14:41 of 1st period - Dylan Larkin wins face-off versus Brad Richardson in Flames zone.
14:57 of 1st period - Slapshot by Drew Doughty.
14:57 of 1st period - Goal by Drew Doughty - Flames : 2 - Sharks : 0.
14:58 of 1st period - Jeff Carter wins face-off versus Sidney Crosby in neutral zone.
15:25 of 1st period - David Savard is hit by Mark Borowiecki and loses puck.
15:44 of 1st period - Snap shot by Jeff Carter.
15:44 of 1st period - Stopped by Jake Allen with a rebound.
15:48 of 1st period - Snap shot by Jeff Carter.
15:48 of 1st period - Shot Misses the Net.
16:04 of 1st period - Wrist shot by Sam Reinhart.
16:04 of 1st period - Shot Blocked by Justin Braun.
16:06 of 1st period - Slapshot by David Savard.
16:06 of 1st period - Stopped by Jake Allen without a rebound.
16:07 of 1st period - Victor Rask wins face-off versus Dylan Larkin in Sharks zone.
16:11 of 1st period - Minor Penalty to Braydon Coburn for Roughing.
16:12 of 1st period - Victor Rask wins face-off versus Colton Sceviour in Sharks zone.
16:22 of 1st period - Snap shot by Patrick Eaves.
16:22 of 1st period - Stopped by Jake Allen without a rebound.
16:23 of 1st period - Colton Sceviour wins face-off versus Victor Rask in Sharks zone.
16:36 of 1st period - Slapshot by Victor Rask.
16:36 of 1st period - Deflect By Patrick Eaves.
16:36 of 1st period - Stopped by Jake Allen without a rebound.
16:37 of 1st period - Jeff Carter wins face-off versus Colton Sceviour in Sharks zone.
16:44 of 1st period - Wrist shot by Sam Reinhart.
16:44 of 1st period - Goal by Sam Reinhart - Flames : 3 - Sharks : 0.
16:45 of 1st period - Victor Rask wins face-off versus Sidney Crosby in neutral zone.
17:14 of 1st period - Victor Hedman is hit by Patric Hornqvist and loses puck.
18:02 of 1st period - Wrist shot by Anders Lee.
18:02 of 1st period - Deflect By Jeff Carter.
18:02 of 1st period - Stopped by Jake Allen with a rebound.
18:04 of 1st period - Slapshot by Kevan Miller.
18:04 of 1st period - Stopped by Jake Allen without a rebound.
18:05 of 1st period - Sidney Crosby wins face-off versus Jeff Carter in Sharks zone.
18:16 of 1st period - Wrist shot by Jonathan Drouin.
18:16 of 1st period - Stopped by Carey Price with a rebound.
18:55 of 1st period - Snap shot by Patrick Sharp.
18:55 of 1st period - Stopped by Jake Allen without a rebound.
18:56 of 1st period - Brad Richardson wins face-off versus Jonathan Drouin in Sharks zone.
18:59 of 1st period - Wrist shot by David Perron.
18:59 of 1st period - Shot Misses the Net.
19:23 of 1st period - Andrej Sustr is hit by Mark Borowiecki and loses puck.
19:30 of 1st period - Snap shot by Dylan Larkin.
19:30 of 1st period - Stopped by Carey Price with a rebound.
19:32 of 1st period - Wrist shot by Teuvo Teravainen.
19:32 of 1st period - Stopped by Carey Price with a rebound.
19:34 of 1st period - Slapshot by Justin Braun.
19:34 of 1st period - Stopped by Carey Price without a rebound.
19:35 of 1st period - Victor Rask wins face-off versus Sidney Crosby in Flames zone.
Goals for this period are 3 for Flames vs 0 for Sharks.
Shots for this period are 17 for Flames vs 12 for Sharks.

2nd period


0:01 of 2nd period - Teuvo Teravainen wins face-off versus Victor Rask in neutral zone.
0:06 of 2nd period - Slapshot by Alex Pietrangelo.
0:06 of 2nd period - Shot Misses the Net.
0:08 of 2nd period - Wrist shot by Teuvo Teravainen.
0:08 of 2nd period - Shot Misses the Net.
0:37 of 2nd period - Icing by David Savard.
0:38 of 2nd period - Jeff Carter wins face-off versus Boone Jenner in Flames zone.
0:47 of 2nd period - Slapshot by Jeff Carter.
0:47 of 2nd period - Stopped by Jake Allen with a rebound.
0:49 of 2nd period - Slapshot by David Savard.
0:49 of 2nd period - Shot Blocked by Mark Borowiecki.
0:51 of 2nd period - Snap shot by David Savard.
0:51 of 2nd period - Stopped by Jake Allen with a rebound.
0:53 of 2nd period - Wrist shot by David Savard.
0:53 of 2nd period - Stopped by Jake Allen without a rebound.
0:54 of 2nd period - Victor Rask wins face-off versus Sidney Crosby in Sharks zone.
0:55 of 2nd period - Wrist shot by Patrick Eaves.
0:55 of 2nd period - Stopped by Jake Allen with a rebound.
1:05 of 2nd period - Wrist shot by Jonathan Drouin.
1:05 of 2nd period - Stopped by Carey Price with a rebound.
1:11 of 2nd period - Slapshot by Sidney Crosby.
1:11 of 2nd period - Shot Misses the Net.
1:21 of 2nd period - Brad Richardson is hit by Patric Hornqvist and loses puck.
1:26 of 2nd period - Snap shot by Patric Hornqvist.
1:26 of 2nd period - Shot Blocked by Andrej Sustr.
3:11 of 2nd period - Wrist shot by Tanner Kero.
3:11 of 2nd period - Shot Misses the Net.
3:13 of 2nd period - Snap shot by Dennis Rasmussen.
3:13 of 2nd period - Shot Blocked by Sidney Crosby.
3:15 of 2nd period - Slapshot by Tanner Kero.
3:15 of 2nd period - Shot Hit the Post.
3:17 of 2nd period - Slapshot by Andrej Sustr.
3:17 of 2nd period - Stopped by Jake Allen with a rebound.
3:32 of 2nd period - Off-side.
3:33 of 2nd period - Dylan Larkin wins face-off versus Brad Richardson in neutral zone.
3:42 of 2nd period - Drew Doughty is hit by Patric Hornqvist.
3:55 of 2nd period - Icing by Patric Hornqvist.
3:56 of 2nd period - Dylan Larkin wins face-off versus Jeff Carter in Sharks zone.
4:10 of 2nd period - Snap shot by Sam Reinhart.
4:10 of 2nd period - Shot Misses the Net.
4:12 of 2nd period - Slapshot by Sam Reinhart.
4:12 of 2nd period - Stopped by Jake Allen with a rebound.
4:44 of 2nd period - Victor Hedman is hit by Patric Hornqvist and loses puck.
4:53 of 2nd period - Snap shot by Dylan Larkin.
4:53 of 2nd period - Stopped by Carey Price without a rebound.
4:54 of 2nd period - Jeff Carter wins face-off versus Dylan Larkin in Flames zone.
5:09 of 2nd period - Slapshot by Patric Hornqvist.
5:09 of 2nd period - Deflect By Teuvo Teravainen.
5:09 of 2nd period - Stopped by Carey Price with a rebound.
5:53 of 2nd period - Wrist shot by Patrick Sharp.
5:53 of 2nd period - Shot Blocked by Justin Braun.
5:55 of 2nd period - Snap shot by Patrick Sharp.
5:55 of 2nd period - Deflect By David Perron.
5:55 of 2nd period - Shot Misses the Net.
5:55 of 2nd period - Puck is out of play.
5:56 of 2nd period - Dylan Larkin wins face-off versus Victor Rask in Sharks zone.
6:05 of 2nd period - Snap shot by Dylan Larkin.
6:05 of 2nd period - Deflect By Patric Hornqvist.
6:05 of 2nd period - Shot Blocked by Victor Hedman.
6:05 of 2nd period - Puck is out of play.
6:06 of 2nd period - Victor Rask wins face-off versus Dylan Larkin in Flames zone.
6:11 of 2nd period - Snap shot by Teuvo Teravainen.
6:11 of 2nd period - Goal by Teuvo Teravainen - Flames : 3 - Sharks : 1.
6:12 of 2nd period - Sidney Crosby wins face-off versus Anders Lee in neutral zone.
6:27 of 2nd period - Wrist shot by Jeff Carter.
6:27 of 2nd period - Stopped by Jake Allen with a rebound.
7:06 of 2nd period - Snap shot by Teuvo Teravainen.
7:06 of 2nd period - Stopped by Carey Price without a rebound.
7:07 of 2nd period - Jeff Carter wins face-off versus Sidney Crosby in Flames zone.
7:12 of 2nd period - Wrist shot by Sidney Crosby.
7:12 of 2nd period - Shot Misses the Net.
7:14 of 2nd period - Slapshot by Alex Pietrangelo.
7:14 of 2nd period - Stopped by Carey Price without a rebound.
7:15 of 2nd period - Jeff Carter wins face-off versus Sidney Crosby in Flames zone.
7:26 of 2nd period - Snap shot by Sam Reinhart.
7:26 of 2nd period - Shot Blocked by Braydon Coburn.
7:32 of 2nd period - Snap shot by Jonathan Drouin.
7:32 of 2nd period - Shot Misses the Net.
7:34 of 2nd period - Snap shot by Gabriel Landeskog.
7:34 of 2nd period - Stopped by Carey Price without a rebound.
7:35 of 2nd period - Victor Rask wins face-off versus Dylan Larkin in Flames zone.
7:56 of 2nd period - Justin Braun is hit by Victor Rask and loses puck.
8:15 of 2nd period - Slapshot by David Perron.
8:15 of 2nd period - Shot Misses the Net.
8:37 of 2nd period - Wrist shot by Jonathan Drouin.
8:37 of 2nd period - Shot Blocked by Anders Lee.
8:39 of 2nd period - Slapshot by Justin Braun.
8:39 of 2nd period - Shot Misses the Net.
8:51 of 2nd period - Slapshot by David Savard.
8:51 of 2nd period - Shot Blocked by Steve Bernier.
10:24 of 2nd period - Icing by Justin Braun.
10:25 of 2nd period - Colton Sceviour wins face-off versus Jeff Carter in Sharks zone.
10:35 of 2nd period - Victor Hedman is hit by Steve Bernier.
10:36 of 2nd period - Icing by Victor Hedman.
10:37 of 2nd period - Jeff Carter wins face-off versus Dylan Larkin in Flames zone.
10:39 of 2nd period - Icing by Victor Hedman.
10:40 of 2nd period - Jeff Carter wins face-off versus Dylan Larkin in Flames zone.
11:03 of 2nd period - Wrist shot by Jeff Carter.
11:03 of 2nd period - Stopped by Jake Allen without a rebound.
11:04 of 2nd period - Victor Rask wins face-off versus Sidney Crosby in Sharks zone.
11:15 of 2nd period - Wrist shot by Sidney Crosby.
11:15 of 2nd period - Stopped by Carey Price with a rebound.
11:31 of 2nd period - Mark Borowiecki is hit by David Perron and loses puck.
11:54 of 2nd period - Snap shot by Mikkel Boedker.
11:54 of 2nd period - Stopped by Carey Price without a rebound.
11:55 of 2nd period - Dylan Larkin wins face-off versus Jeff Carter in Flames zone.
12:28 of 2nd period - Snap shot by Jonathan Drouin.
12:28 of 2nd period - Shot Blocked by Kevan Miller.
12:34 of 2nd period - Tyson Barrie is hit by Victor Rask and loses puck.
13:53 of 2nd period - Slapshot by Colton Sceviour.
13:53 of 2nd period - Stopped by Carey Price with a rebound.
14:49 of 2nd period - David Savard is hit by Mark Borowiecki.
16:48 of 2nd period - Patric Hornqvist is hit by Nick Bjugstad and loses puck.
16:55 of 2nd period - Nick Bjugstad is hit by Dylan Larkin.
16:59 of 2nd period - Dennis Rasmussen is hit by Zach Werenski and loses puck.
17:36 of 2nd period - Snap shot by Sidney Crosby.
17:36 of 2nd period - Stopped by Carey Price without a rebound.
17:37 of 2nd period - Gabriel Landeskog wins face-off versus Victor Rask in Flames zone.
17:42 of 2nd period - Wrist shot by Jonathan Drouin.
17:42 of 2nd period - Deflect By Sidney Crosby.
17:42 of 2nd period - Shot Blocked by Michael Frolik.
17:42 of 2nd period - Puck is out of play.
17:43 of 2nd period - Victor Rask wins face-off versus Sidney Crosby in Flames zone.
18:00 of 2nd period - Backhand shot by Gabriel Landeskog.
18:00 of 2nd period - Stopped by Carey Price without a rebound.
18:01 of 2nd period - Jeff Carter wins face-off versus Dylan Larkin in Flames zone.
18:08 of 2nd period - Braydon Coburn is hit by Andrej Sustr and loses puck.
18:33 of 2nd period - Slapshot by Michael Frolik.
18:33 of 2nd period - Shot Blocked by Alex Pietrangelo.
18:35 of 2nd period - Wrist shot by Michael Frolik.
18:35 of 2nd period - Shot Misses the Net.
18:57 of 2nd period - Wrist shot by Mikkel Boedker.
18:57 of 2nd period - Shot Misses the Net.
19:15 of 2nd period - Wrist shot by Tanner Kero.
19:15 of 2nd period - Stopped by Jake Allen without a rebound.
19:16 of 2nd period - Dennis Rasmussen wins face-off versus Colton Sceviour in Sharks zone.
19:25 of 2nd period - Snap shot by Mark Borowiecki.
19:25 of 2nd period - Stopped by Carey Price without a rebound.
19:26 of 2nd period - Dylan Larkin wins face-off versus Jeff Carter in Flames zone.
19:27 of 2nd period - Wrist shot by Patric Hornqvist.
19:27 of 2nd period - Stopped by Carey Price with a rebound.
19:41 of 2nd period - Snap shot by Patric Hornqvist.
19:41 of 2nd period - Stopped by Carey Price without a rebound.
19:42 of 2nd period - Victor Rask wins face-off versus Sidney Crosby in Flames zone.
19:48 of 2nd period - Wrist shot by Victor Rask.
19:48 of 2nd period - Deflect By Alex Pietrangelo.
19:48 of 2nd period - Shot Misses the Net.
19:48 of 2nd period - Puck is out of play.
19:49 of 2nd period - Sidney Crosby wins face-off versus Victor Rask in Sharks zone.
Goals for this period are 0 for Flames vs 1 for Sharks.
Shots for this period are 9 for Flames vs 15 for Sharks.

3rd period


0:01 of 3rd period - Jeff Carter wins face-off versus Dylan Larkin in neutral zone.
0:27 of 3rd period - Patrick Eaves is hit by Jonathan Drouin and loses puck.
1:31 of 3rd period - Anders Lee is hit by Dylan Larkin and loses puck.
2:06 of 3rd period - Zach Werenski is hit by Patrick Sharp and loses puck.
2:33 of 3rd period - Colton Sceviour is hit by Anders Lee and loses puck.
2:59 of 3rd period - Snap shot by Jeff Carter.
2:59 of 3rd period - Shot Blocked by Braydon Coburn.
3:01 of 3rd period - Wrist shot by Jeff Carter.
3:01 of 3rd period - Deflect By Sam Reinhart.
3:01 of 3rd period - Stopped by Jake Allen without a rebound.
3:02 of 3rd period - Teuvo Teravainen wins face-off versus Victor Rask in Sharks zone.
3:07 of 3rd period - Slapshot by Tyson Barrie.
3:07 of 3rd period - Stopped by Carey Price with a rebound.
4:10 of 3rd period - Slapshot by Victor Rask.
4:10 of 3rd period - Stopped by Jake Allen with a rebound.
4:28 of 3rd period - Brandon Manning is hit by Gabriel Landeskog.
4:50 of 3rd period - Slapshot by Brad Richardson.
4:50 of 3rd period - Stopped by Jake Allen without a rebound.
4:51 of 3rd period - Boone Jenner wins face-off versus Brad Richardson in Sharks zone.
5:16 of 3rd period - Anders Lee is hit by Mark Borowiecki and loses puck.
5:23 of 3rd period - Snap shot by Dylan Larkin.
5:23 of 3rd period - Deflect By Teuvo Teravainen.
5:23 of 3rd period - Stopped by Carey Price with a rebound.
6:18 of 3rd period - Brad Richardson is hit by Mikkel Boedker and loses puck.
6:25 of 3rd period - Boone Jenner is hit by Brad Richardson and loses puck.
7:25 of 3rd period - Slapshot by Drew Doughty.
7:25 of 3rd period - Deflect By Sidney Crosby.
7:25 of 3rd period - Stopped by Jake Allen with a rebound.
7:31 of 3rd period - Snap shot by Sidney Crosby.
7:31 of 3rd period - Shot Blocked by Drew Doughty.
7:36 of 3rd period - Icing by Patrick Sharp.
7:37 of 3rd period - Dylan Larkin wins face-off versus Brad Richardson in Flames zone.
7:40 of 3rd period - Snap shot by Patric Hornqvist.
7:40 of 3rd period - Stopped by Carey Price with a rebound.
7:50 of 3rd period - Wrist shot by Patrick Sharp.
7:50 of 3rd period - Shot Blocked by Alex Pietrangelo.
7:52 of 3rd period - Snap shot by David Savard.
7:52 of 3rd period - Deflect By Patrick Sharp.
7:52 of 3rd period - Shot Misses the Net.
7:52 of 3rd period - Puck is out of play.
7:53 of 3rd period - Sam Reinhart wins face-off versus Boone Jenner in Sharks zone.
8:00 of 3rd period - Wrist shot by Jeff Carter.
8:00 of 3rd period - Shot Misses the Net.
8:02 of 3rd period - Slapshot by Andrej Sustr.
8:02 of 3rd period - Deflect By Sam Reinhart.
8:02 of 3rd period - Shot Misses the Net.
8:02 of 3rd period - Puck is out of play.
8:03 of 3rd period - Jeff Carter wins face-off versus Mikkel Boedker in Sharks zone.
8:10 of 3rd period - Snap shot by Victor Hedman.
8:10 of 3rd period - Stopped by Jake Allen with a rebound.
8:12 of 3rd period - Slapshot by Anders Lee.
8:12 of 3rd period - Shot Misses the Net.
8:14 of 3rd period - Wrist shot by Victor Hedman.
8:14 of 3rd period - Stopped by Jake Allen with a rebound.
8:16 of 3rd period - Slapshot by Victor Hedman.
8:16 of 3rd period - Shot Blocked by Braydon Coburn.
8:18 of 3rd period - Snap shot by Anders Lee.
8:18 of 3rd period - Stopped by Jake Allen with a rebound.
8:20 of 3rd period - Wrist shot by Anders Lee.
8:20 of 3rd period - Shot Misses the Net.
8:49 of 3rd period - Slapshot by Boone Jenner.
8:49 of 3rd period - Stopped by Carey Price without a rebound.
8:50 of 3rd period - Victor Rask wins face-off versus Dylan Larkin in Flames zone.
9:26 of 3rd period - Slapshot by Jonathan Drouin.
9:26 of 3rd period - Shot Misses the Net.
11:15 of 3rd period - Snap shot by Tanner Kero.
11:15 of 3rd period - Shot Blocked by Braydon Coburn.
11:48 of 3rd period - Snap shot by Victor Rask.
11:48 of 3rd period - Stopped by Jake Allen without a rebound.
11:49 of 3rd period - Sidney Crosby wins face-off versus Victor Rask in Sharks zone.
12:15 of 3rd period - Icing by Mark Borowiecki.
12:16 of 3rd period - Jeff Carter wins face-off versus Sidney Crosby in Sharks zone.
12:26 of 3rd period - Off-side.
12:27 of 3rd period - Jeff Carter wins face-off versus Dylan Larkin in neutral zone.
12:52 of 3rd period - Tyson Barrie is hit by David Savard and loses puck.
13:38 of 3rd period - Snap shot by Dylan Larkin.
13:38 of 3rd period - Stopped by Carey Price with a rebound.
14:40 of 3rd period - Mark Borowiecki is hit by Brad Richardson and loses puck.
15:07 of 3rd period - Drew Doughty is hit by Dylan Larkin and loses puck.
15:50 of 3rd period - Snap shot by Alex Pietrangelo.
15:50 of 3rd period - Shot Hit the Post.
15:52 of 3rd period - Snap shot by Mikkel Boedker.
15:52 of 3rd period - Stopped by Carey Price with a rebound.
16:35 of 3rd period - Snap shot by Jonathan Drouin.
16:35 of 3rd period - Shot Misses the Net.
16:43 of 3rd period - Wrist shot by Gabriel Landeskog.
16:43 of 3rd period - Deflect By Jonathan Drouin.
16:43 of 3rd period - Stopped by Carey Price without a rebound.
16:44 of 3rd period - Patrick Sharp wins face-off versus Jonathan Huberdeau in Flames zone.
18:11 of 3rd period - Jonathan Drouin is hit by Kevan Miller and loses puck.
18:23 of 3rd period - Snap shot by Andrej Sustr.
18:23 of 3rd period - Stopped by Jake Allen without a rebound.
18:24 of 3rd period - Jeff Carter wins face-off versus Patric Hornqvist in Sharks zone.
18:37 of 3rd period - Slapshot by Jeff Carter.
18:37 of 3rd period - Stopped by Jake Allen without a rebound.
18:38 of 3rd period - Boone Jenner wins face-off versus Patrick Sharp in Sharks zone.
18:42 of 3rd period - Icing by Alex Pietrangelo.
18:43 of 3rd period - Brad Richardson wins face-off versus Boone Jenner in Sharks zone.
18:54 of 3rd period - Slapshot by Victor Hedman.
18:54 of 3rd period - Shot Blocked by Alex Pietrangelo.
19:14 of 3rd period - Wrist shot by Sidney Crosby.
19:14 of 3rd period - Stopped by Carey Price with a rebound.
Goals for this period are 0 for Flames vs 0 for Sharks.
Shots for this period are 10 for Flames vs 8 for Sharks.